 Dungeon Crawl Stone Soup version 0.16-a0-3228-ge148b08 (webtiles) character file.

145 Miyamura the Grasshopper (level 5, 0/35 HPs)
             Began as a High Elf Warper on Dec 21, 2014.
             Was an Initiate of Okawaru.
             Slain by an orc
             ... wielding a +0 flail
              (4 damage)
             ... on level 2 of the Dungeon.
             The game lasted 00:11:25 (4009 turns).

Miyamura the Grasshopper (High Elf Warper)          Turns: 4009, Time: 00:11:26

Health: 0/35       AC:  5    Str: 11    XL:     5   Next: 6%
Magic:  12/14      EV: 13    Int: 16    God:    Okawaru [......]
Gold:   94         SH:  0    Dex: 15    Spells: 3 memorised, 5 levels left

rFire  . . .     SeeInvis .     a - +0 falchion
rCold  . . .     Clarity  .     b - +0 leather armour
rNeg   . . .     SustAb   .     (no shield)
rPois  .         Gourm    .     (no helmet)
rElec  .         Spirit   .     m - +0 cloak
rCorr  .         Warding  .     (no gloves)
rMut   .         Stasis   .     r - +0 pair of boots
MR     .....                    (no amulet)
Stlth  +.........               (no ring)
                                (no ring)

@: slowed, very slow, not resistant to hostile enchantments, very unstealthy
A: no striking features
a: Renounce Religion


You were on level 2 of the Dungeon.
You worshipped Okawaru.
Okawaru was noncommittal.
You were not hungry.

You visited 1 branch of the dungeon, and saw 3 of its levels.

You collected 94 gold pieces.

Inventory:

Hand weapons
 a - a +0 falchion (weapon)
Armour
 b - a +0 leather armour (worn)
 m - a +0 cloak (worn)
 r - a +0 pair of boots (worn)
Scrolls
 d - a scroll of blinking
 e - a scroll of amnesia {unknown}
 g - a scroll of identify
 i - a scroll of noise {unknown}
 l - a scroll of enchant weapon {unknown}
 o - a scroll of remove curse {unknown}
 p - 2 scrolls of teleportation {unknown}
 t - a scroll of recharging {unknown}
Potions
 h - a potion of magic
 j - a potion of cancellation {unknown}
 k - a potion of lignification {unknown}
 n - a potion of ambrosia {unknown}
 q - a potion of flight {unknown}
 u - a potion of curing {unknown}
 v - a potion of haste {unknown}
Books
 c - a book of Spatial Translocations

   Spells                             Type                      Level
   a - Apportation                    Translocation                1
   b - Blink                          Translocation                2
   c - Shroud of Golubria             Charms/Translocation         2
   d - Portal Projectile              Translocation                3
   e - Teleport Other                 Translocation                3
   f - Passage of Golubria            Translocation                4
Comestibles
 f - 3 bread rations


   Skills:
 + Level 2.4 Fighting
 + Level 3.0 Long Blades
 - Level 1.1 Throwing
 + Level 2.1 Armour
 + Level 3.5 Dodging
 + Level 3.1 Spellcasting
 + Level 4.0 Translocations


You had 5 spell levels left.
You knew the following spells:

 Your Spells              Type           Power        Failure   Level  Hunger
a - Apportation           Tloc           ###.......   4%          1    None
b - Blink                 Tloc           N/A          8%          2    ##.....
c - Shroud of Golubria    Chrm/Tloc      #.........   14%         2    ##.....


Dungeon Overview and Level Annotations

Branches:
Dungeon (3/15)

Altars:
Ashenzari
Elyvilon
Okawaru
Qazlal


Message History

The orc wizard gestures at you while chanting.
The magic dart hits you!
The orc wizard gestures wildly while chanting.
The orc wizard blinks!
The orc wizard casts a spell at you. The magic dart hits you!
The orc closely misses you.
There is a stone staircase leading up, spattered with blood here.
The orc barely misses you.
You climb upwards.
There is a stone staircase leading down, spattered with blood here.
Casting: Shroud of Golubria
Confirm with . or Enter, or press ? or * to list all spells.
Space distorts slightly along a thin shroud covering your body.
The orc hits you with a flail!
* * * LOW HITPOINT WARNING * * *
You hit the orc but do no damage. The orc hits you with a flail.
* * * LOW HITPOINT WARNING * * *
Your shroud falls apart!
You barely miss the orc. The orc hits you with a flail.
You die...

#.#.###.# #.....######.########
#.......# ##...## #.........
###.##### ##.## #.#######.
#...# #.# #.##### #. ###.# #.#
#.....# #. #.# ##)## #.###.# #.
#.# ##...## #.###.###. #.#
##..[.o## #...<..... ##.##
##....@<.## ##...[....
##...####.........####...#.###.
#.......'.........'............
##...####.........####.....###.
##.## ##.......## ##<...# #.
#.# ##.....## #...## #. ###.#
##...## #..#####> #...# ##'##
#........ #...# #.# ##.######


You could see an orc.

Vanquished Creatures
  Ijyb (D:2)
  Robin (D:2)
  5 adders
  2 worms (D:2)
  An ooze (D:2)
  7 bats
  6 giant cockroaches
  12 goblins
  6 hobgoblins
  4 jackals (D:2)
  3 kobolds
  2 quokkas
  2 giant newts
  7 rats
59 creatures vanquished.

Notes
Turn   | Place    | Note
--------------------------------------------------------------
     0 | D:1      | Miyamura, the High Elf Warper, began the quest for the Orb.
     0 | D:1      | Reached XP level 1. HP: 14/14 MP: 4/4
   254 | D:1      | Reached skill level 1 in Armour
   756 | D:2      | Reached XP level 2. HP: 19/19 MP: 6/6
   762 | D:2      | Learned a level 2 spell: Blink
   765 | D:2      | Learned a level 2 spell: Shroud of Golubria
  1248 | D:2      | Reached XP level 3. HP: 11/24 MP: 8/8
  1427 | D:2      | Noticed Ijyb
  1712 | D:2      | Killed Ijyb
  2559 | D:2      | Reached XP level 4. HP: 16/29 MP: 6/11
  2708 | D:2      | Found a stormy altar of Qazlal.
  3272 | D:3      | Noticed Robin
  3374 | D:3      | Found an iron altar of Okawaru.
  3374 | D:3      | Found a shattered altar of Ashenzari.
  3524 | D:3      | Became a worshipper of Warmaster Okawaru
  3593 | D:3      | Found a white marble altar of Elyvilon.
  3804 | D:2      | Killed Robin
  3804 | D:2      | Reached skill level 4 in Translocations
  3804 | D:2      | Reached XP level 5. HP: 22/35 MP: 8/14
  4009 | D:2      | Slain by an orc

Action                   |  1- 3 |  4- 6 || total
-------------------------+-------+-------++-------
Melee: Falchion          |   163 |   118 ||   281
 Cast: Shroud of Golubri |     8 |    11 ||    19
       Blink             |     3 |       ||     3
  Use: Scroll            |     1 |       ||     1
  Eat: Chunk             |     6 |     6 ||    12
